 Dungeon Crawl Stone Soup version 0.31-a0-1338-gb567cfdca4 (webtiles) character file.

Game seed: 1910645052330034669

143480 jasper the Bludgeoner (level 16, -5/169 HPs)
             Began as a Troll Gladiator on Dec 22, 2023.
             Was the Champion of Jiyva.
             Slain by a wolf spider (10 damage)
             ... on level 1 of the Spider Nest.
             The game lasted 00:40:38 (20392 turns).

jasper the Bludgeoner (Troll Gladiator)            Turns: 20392, Time: 00:40:38

Health: -5/169     AC: 11    Str: 29    XL:     16   Next: 7%
Magic:  0/15       EV: 10    Int:  1    God:    Jiyva [******]
Gold:   1120       SH:  8    Dex: 18    Spells: 15/15 levels left

rFire   + + +        A - +0 giant club (flame)
rCold   + . .        (shield currently unavailable)
rNeg    + . .        G - +0 swamp dragon scales
rPois   +            c - +1 hat
rElec   +            Q - +0 cloak of the Bells {Fly rF+++ Str-5 Stlth-}
rCorr   +            (gloves unavailable)
SInv    .            (boots unavailable)
Will    +....        l - brooch of Shielding {Spirit SH+8}
Stlth   +            H - ring "Isiwk" {rC+ Slay+4}
HPRegen 3.68/turn    I - ring of the Irksome God {Fly rElec rN+ Slay+2}
MPRegen 0.94/turn

%: clarity, guardian spirit
@: marked, flying
A: large, unfitting armour, claws 3, regeneration 2, shaggy fur 1, tough skin 1,
fangs 3, talons 3, agile 2, clarity, strong 1, pseudopods 1, translucent skin 1,
engulf
}: 1/15 runes: slimy
a: Renounce Religion, Oozemancy, Slimify


You were on level 1 of the Spider Nest.
You worshipped Jiyva.
Jiyva was exalted by your worship.
You visited 5 branches of the dungeon, and saw 29 of its levels.
You also visited: Ossuary, Gauntlet and Volcano.

You collected 1911 gold pieces.
You spent 791 gold pieces at shops.

Inventory:

Hand Weapons
 A - a +0 giant club of flaming (weapon)
 L - a +0 giant spiked club
Missiles
 d - 4 throwing nets
 e - 12 large rocks
 D - 21 boomerangs (quivered)
 P - 6 curare-tipped darts
 Z - 2 datura-tipped darts
Armour
 b - +0 storm dragon scales
 c - a +1 hat (worn)
 G - +0 swamp dragon scales (worn)
 Q - the +0 cloak of the Bells (worn) {Fly rF+++ Str-5 Stlth-}
   (You found it on level 10 of the Dungeon)

   Str-5:     It affects your strength (-5).
   rF+++:     It renders you almost immune to fire.
   Fly:       It grants you flight.
   Stlth-:    It makes you less stealthy.
Jewellery
 h - the ring "Baeceas" {rN+ Will+ rCorr Str+2 Dex+3}
   (You took it off a minotaur in a Gauntlet)

   [ring of willpower]

   Str+2:     It affects your strength (+2).
   Dex+3:     It affects your dexterity (+3).
   rN+:       It protects you from negative energy.
   Will+:     It increases your willpower.
   rCorr:     It protects you from acid and corrosion.
 l - the brooch of Shielding (around neck) {Spirit SH+8}
   (You found it in a Gauntlet)

   [amulet of guardian spirit]

   Spirit:    It causes incoming damage to be divided between your reserves of
   health and magic.
   SH+8:      It affects your SH (+8).
 m - a ring of poison resistance
 p - a ring of ice
 s - the ring "Oxugres" {Fire Int+4}
   (You took it off an orc on level 4 of the Dungeon)

   [ring of fire]

   Fire:      It enhances your fire magic.
   Int+4:     It affects your intelligence (+4).
   rF+:       It protects you from fire.
   rC-:       It makes you vulnerable to cold.
 H - the ring "Isiwk" (left claw) {rC+ Slay+4}
   (You found it on level 5 of the Pits of Slime)

   [ring of protection from cold]

   Slay+4:    It affects your accuracy & damage with ranged weapons and melee
   (+4).
   rC+:       It protects you from cold.
 I - the ring of the Irksome God (right claw) {Fly rElec rN+ Slay+2}
   (You found it on level 5 of the Pits of Slime)

   [ring of flight]

   Slay+2:    It affects your accuracy & damage with ranged weapons and melee
   (+2).
   rElec:     It insulates you from electricity.
   rN+:       It protects you from negative energy.
   Fly:       It grants you flight.
 J - the ring of Knowledge {*Slow rElec MP+9 AC+4}
   (You found it on level 5 of the Pits of Slime)

   [ring of protection]

   AC+4:      It affects your AC (+4).
   rElec:     It insulates you from electricity.
   MP+9:      It affects your magic capacity (+9).
   *Slow:     It may slow you when you take damage.
 V - a ring of protection from cold
 X - a ring of wizardry
Wands
 a - a wand of roots (15)
 i - a wand of flame (23)
 n - a wand of polymorph (16)
 z - a wand of light (4)
 C - a wand of charming (22)
 E - a wand of mindburst (9)
 O - a wand of digging (2)
Scrolls
 r - 3 scrolls of fear
 w - 9 scrolls of teleportation
 x - a scroll of blinking
 y - 3 scrolls of enchant armour
 M - 3 scrolls of fog
 N - 5 scrolls of revelation
 R - 2 scrolls of poison
 Y - 2 scrolls of vulnerability
Potions
 f - 5 potions of might
 g - 8 potions of curing
 j - 5 potions of enlightenment
 k - 10 potions of heal wounds
 o - a potion of berserk rage
 q - 4 potions of brilliance
 u - 2 potions of attraction
 v - 3 potions of cancellation
 F - 3 potions of invisibility
 S - a potion of magic
 T - a potion of haste
 U - a potion of resistance {unknown}
 W - 2 potions of ambrosia {unknown}


   Skills:
 + Level 13.1 Fighting
 * Level 19.5 Maces & Flails
 - Level 1.7 Throwing
 + Level 11.2 Armour
 - Level 2.4 Dodging


You had 15 spell levels left.
You didn't know any spells.
Your spell library contained the following spells:

 Spells                   Type           Power      Damage    Failure   Level
 Summon Small Mammal      Summ           0%         N/A       67%         1
 Ensorcelled Hibernation  Hex/Ice        0%         N/A       80%         2
 Call Canine Familiar     Summ           0%         N/A       95%         3
 Fugue of the Fallen      Necr           0%         N/A       95%         3
 Inner Flame              Hex/Fire       0%         N/A       95%         3
 Ozocubu's Armour         Ice            0%         N/A       95%         3
 Summon Guardian Golem    Hex/Summ       0%         N/A       95%         3
 Tukima's Dance           Hex            0%         N/A       95%         3
 Volatile Blastmotes      Fire/Tloc      0%         2d10      95%         3
 Cause Fear               Hex            0%         N/A       100%        4
 Dimensional Bullseye     Hex/Tloc       0%         N/A       100%        4
 Flame Wave               Conj/Fire      0%         2d4       100%        4
 Fulminant Prism          Conj/Alch      0%         3d5       100%        4
 Iskenderun's Mystic Bla  Conj/Tloc      0%         2d3       100%        4
 Manifold Assault         Tloc           0%         N/A       100%        4
 Sticky Flame             Fire/Alch      0%         2d4       100%        4
 Metabolic Englaciation   Hex/Ice        0%         N/A       100%        5
 Maxwell's Capacitive Co  Air            0%         ∞         100%        8


Dungeon Overview and Level Annotations

Branches:
Dungeon (15/15)            Temple (0/1) D:6            Lair (5/5) D:11
  Swamp (0/4) Lair:2       Spider (2/4) Lair:2        Slime (5/5) Lair:4
    Orc (2/2) D:9             Elf (0/3) Orc:2        Vaults (0/5) D:14
 Depths (0/4) D:15        Ossuary (visited)         Volcano (visited)
Gauntlet (visited)

Altars:
Ashenzari
Cheibriados
Dithmenos
Gozag
Kikubaaqudgha
Nemelex Xobeh
Ru
Sif Muna
Trog
Uskayaw
Wu Jian
Xom
Yredelemnul
Jiyva

Shops:
D:5 *=*   D:7 [!([   D:8 !   D:13 [   Orc:2 =[*!

Annotations:
Slime:5 Royal Jelly


Innate Abilities, Weirdness & Mutations

You are too large for most types of armour.
You have claws for hands.
You heal very quickly.
You are covered in fur. (AC +1)
You have tough skin. (AC +1)
You have razor-sharp teeth.
You have claws for feet.
You are very agile. (Dex +8, Str/Int -2)
You possess an exceptional clarity of mind.
Your muscles are strong. (Str +4, Int/Dex -1)
Armour fits poorly on your pseudopods.
Your translucent skin slightly reduces your foes' accuracy. (Stealth+)
Your melee attacks may engulf your foes in ooze.


Message History

You regained 4 hp, and now have 23/169 hp.
A demonic crawler comes into view.
The redback bites you but does no damage.
You block the wolf spider's attack.
The wolf spider bites you but does no damage.
The moth of wrath goads the redback on!
The redback goes berserk!
The wolf spider rages.
There is an escape hatch in the ceiling here.
You regained 4 hp, and now have 27/169 hp.
The redback misses you.
The jumping spider pounces on you but does no damage.
The jumping spider bites you!
* * * LOW HITPOINT WARNING * * *
The redback bites you but does no damage.
The wolf spider barely misses you. The wolf spider bites you.
* * * LOW HITPOINT WARNING * * *
You are poisoned.
The wolf spider poisons you! The redback bites you!
* * * LOW HITPOINT WARNING * * *
The jumping spider pounces on you but does no damage.
The jumping spider bites you.
* * * LOW HITPOINT WARNING * * *
The moth of wrath goads something on!
The culicivora rages.
The jumping spider leaps!
You block the redback's attack. The wolf spider hits you.
* * * LOW HITPOINT WARNING * * *
The wolf spider bites you but does no damage.
A mysterious force pulls you upwards. The hatch slams shut behind you.
* * * LOW HITPOINT WARNING * * *
You feel extremely sick.
You take 25 damage, and have 2/169 hp.
You now have 1/15 mp.
Okay, then.
You feel better. The jumping spider barely misses you.
The jumping spider closely misses you. The redback closely misses you.
The jumping spider pounces on you!
* * * LOW HITPOINT WARNING * * *
The jumping spider barely misses you. The redback barely misses you.
The wolf spider closely misses you. The wolf spider bites you!
You die...

#### ##...... ###..###
####.....## #......##
#.....#..# #.......##
#.....#..#
#^..#....#########....#..#
#...#.....#....####[>.#..#
#...##..........###.)##..##
##...####sss#.....####..###
##.....##@s##...........#.
##......######.##......##.
##............######.####..
#^..............# ### #...
#.^............### ###^.#
#^........######.#####..^##
##.....####.........##..##
#.....##.............##..#
#.....#.........###...#..#


You could see a wolf spider, a jumping spider (berserk) and 2 redbacks.

Vanquished Creatures
  Rupert (Lair:3)
  Frances (D:13)
  Agnes (D:15)
  A tengu reaver (D:12)
  A storm dragon (D:12)
  2 frost giants
  An orc warlord (D:9)
  An emperor scorpion (Spider:1)
  A minotaur (Gauntlet)
  6 hydras
  Fannar (D:11)
  A boulder beetle (Lair:4)
  A radroach (Spider:1)
  3 centaur warriors
  An ogre mage (Volcano)
  2 catoblepae (Lair:5)
  13 death yaks (Lair:5)
  10 two-headed ogres
  2 demonic crawlers (Spider:1)
  2 occultists (D:15)
  5 tengu warriors
  A hell knight (Volcano)
  Amaemon (Lair:2)
  A fire crab (Lair:5)
  3 pharaoh ants
  A deep troll (shapeshifter) (D:14)
  2 bog bodies (Lair:2)
  An orb spider (Spider:1)
  A steelbarb worm (Spider:1)
  Pikel (D:9)
  4 orc knights (Orc:2)
  4 deep elf pyromancers
  3 cyclopes
  5 ugly things
  3 wolf spiders (Spider:1)
  6 manticores
  A molten gargoyle (Volcano)
  A moth of wrath (Spider:2)
  7 black mambas
  An orange demon (Lair:2)
  5 kobold blastminers
  3 elephants (Lair:5)
  A torpor snail (Spider:1)
  15 cane toads
  A rime drake (shapeshifter) (D:12)
  2 unseen horrors
  A freezing wraith (D:15)
  5 rime drakes
  Maggie (D:8)
  6 komodo dragons
  3 meliai (D:14)
  A meliai (shapeshifter) (D:11)
  3 trolls
  8 polar bears
  10 blink frogs
  A polar bear (shapeshifter) (D:14)
  6 hornets
  3 tarantellas (Spider:1)
  A blink frog (shapeshifter) (D:14)
  A dream sheep (Lair:5)
  11 culicivoras (Spider:1)
  14 jumping spiders
  A centaur simulacrum (D:15)
  11 spriggans (Lair:5)
  Eustachio (D:6)
  42 yaks
  A wraith (D:9)
  3 fire bats (Volcano)
  5 shadows
  8 vampire mosquitoes
  7 wyverns
  12 redbacks (Spider:1)
  6 basilisks
  6 wargs (Orc:1)
  2 steam dragons
  Grum (Lair:1)
  2 hell hounds (Lair:1)
  10 water moccasins
  4 acid dragons
  46 orc warriors
  7 black bears
  2 ice beasts
  36 wolves
  6 ogres
  3 boggarts (Lair:5)
  8 centaurs
  2 phantoms (D:6)
  2 lemures (D:9)
  An elf zombie (Ossuary)
  6 bullfrogs
  A bullfrog (shapeshifter) (D:13)
  3 kobold brigands
  6 scorpions
  9 wights
  13 killer bees
  7 howler monkeys
  2 electric eels
  6 lava snakes
  4 hounds
  16 orc priests
  A centaur zombie (Ossuary)
  2 iron imps (Gauntlet)
  A gnoll bouda (D:9)
  A human zombie (Ossuary)
  5 iguanas
  A sleepcap (D:7)
  27 orc wizards
  3 mummies
  Robin (D:2)
  11 gnolls
  4 adders
  A shadow imp (D:6)
  A bombardier beetle (D:4)
  A white imp (D:6)
  An adder zombie (Ossuary)
  A worm (D:4)
  4 dart slugs
  80 orcs
  2 endoplasms (D:1)
  3 giant cockroaches (D:1)
  8 goblins
  12 hobgoblins
  7 jackals
  4 quokkas
  8 ball pythons
  4 bats
  3 frilled lizards (D:1)
  2 goblin zombies (Ossuary)
  11 hobgoblin zombies (Ossuary)
  4 jackal zombies (Ossuary)
  9 kobolds
  8 kobold zombies (Ossuary)
  8 orc zombies (Ossuary)
  4 rats
757 creatures vanquished.

Vanquished Creatures (collateral kills)
  A boulder beetle (D:12)
  A two-headed ogre (D:10)
  An orb spider (Spider:1)
  An unseen horror (D:12)
  A kobold demonologist (D:12)
  A yak (Lair:3)
  A basilisk (Lair:3)
7 creatures vanquished.

Vanquished Creatures (others)
  A shining eye (shapeshifter) (D:13)
  A torpor snail (shapeshifter) (D:13)
  2 boggarts (Lair:5)
  A centaur (Orc:2)
  A bullfrog (Lair:2)
  A howler monkey (D:7)
  87 jellies
  An orc priest (D:5)
  A hound (D:5)
  Terence (D:2)
  An orc wizard (D:5)
  3 adders
  3 endoplasms
  8 orcs
  A goblin (D:3)
  A hobgoblin (D:4)
  2 frilled lizards (D:3)
  A kobold (D:1)
  A rat (D:3)
118 creatures vanquished.

Grand Total: 882 creatures vanquished

Notes
Turn   | Place    | Note
-------+----------+-------------------------------------------
     0 | D:1      | jasper the Troll Gladiator began the quest for the Orb.
     0 | D:1      | Reached XP level 1. HP: 19/19 MP: 0/0
    68 | D:1      | Reached skill level 3 in Maces & Flails
    71 | D:1      | Reached XP level 2. HP: 28/28 MP: 1/1
   235 | D:1      | Found a faded altar of an unknown god.
   242 | D:1      | Prayed at the altar of an unknown god.
   242 | D:1      | Became a worshipper of Jiyva Joizoqis the Shapeless
   242 | D:1      | Reached * piety under Jiyva
   546 | D:1      | Reached XP level 3. HP: 35/35 MP: 2/2
   869 | D:2      | Reached ** piety under Jiyva
  1102 | D:2      | Killed Terence
  1219 | D:2      | Noticed Robin
  1243 | D:2      | Killed Robin
  1244 | D:2      | Reached XP level 4. HP: 35/44 MP: 3/3
  1639 | D:3      | Reached skill level 4 in Maces & Flails
  1660 | D:3      | Reached *** piety under Jiyva
  1747 | D:3      | Reached XP level 5. HP: 39/52 MP: 4/4
  2000 | D:3      | Gained mutation: You have a small jelly attached to you
                  | that may absorb projectiles. [Jiyva's grace]
  2000 | D:3      | Gained mutation: You are agile. (Dex +4, Str/Int -1)
                  | [Jiyva's grace]
  2000 | D:3      | Gained mutation: You are very agile. (Dex +8, Str/Int -2)
                  | [Jiyva's grace]
  2000 | D:3      | Gained mutation: You have hidden genetic potential.
                  | [Jiyva's grace]
  2116 | D:3      | Found a broken altar of Ashenzari.
  2142 | D:3      | Reached skill level 5 in Maces & Flails
  2298 | D:3      | Found a shimmering altar of Xom.
  2298 | D:3      | Found an ancient bone altar of Kikubaaqudgha.
  2301 | D:3      | Found a sacrificial altar of Ru.
  2413 | D:4      | Reached XP level 6. HP: 61/61 MP: 5/5
  2551 | D:4      | Reached **** piety under Jiyva
  2612 | D:4      | Identified the +4 quarterstaff of the Hidden Vale {venom,
                  | rC++ Str-4 SInv Stlth+}
  2618 | D:4      | Gained mutation: Your spells are a little harder to cast,
                  | but a little more powerful. [hidden potential]
  2815 | D:4      | Identified the ring "Oxugres" {Fire Int+4}
  3211 | D:5      | Entered Level 5 of the Dungeon
  3211 | D:5      | Noticed an ice beast
  3227 | D:5      | Killed an ice beast
  3228 | D:5      | Reached skill level 6 in Maces & Flails
  3228 | D:5      | Reached XP level 7. HP: 62/68 MP: 6/6
  3248 | D:5      | Found Faschaysh's Assorted Antiques.
  3256 | D:5      | Bought a scroll labelled TERUEM ELEQEV for 29 gold pieces
  3256 | D:5      | Bought a viscous green potion for 26 gold pieces
  3256 | D:5      | Bought a scroll labelled TERUEM ELEQEV for 29 gold pieces
  3282 | D:5      | Found a shimmering blue altar of Sif Muna.
  3299 | D:5      | Gained mutation: You have sharp toenails. [hidden
                  | potential]
  3299 | D:5      | Lost mutation: You have hidden genetic potential. [hidden
                  | potential expressed]
  3305 | D:5      | Got Sif Muna's Parchment of Cryomancy
  3319 | D:5      | Found a bloodstained altar of Trog.
  3398 | D:5      | Found Nutsi's Assorted Antiques.
  3405 | D:5      | Bought a scroll labelled YDGHONUESKY for 23 gold pieces
  3441 | D:5      | Reached ***** piety under Jiyva
  3473 | D:5      | Found Fysuzi's Jewellery Shop.
  3934 | D:6      | Reached skill level 7 in Maces & Flails
  3941 | D:6      | Lost mutation: You have sharp toenails. [Jiyva's grace]
  3941 | D:6      | Lost mutation: You have a small jelly attached to you that
                  | may absorb projectiles. [Jiyva's grace]
  3941 | D:6      | Gained mutation: Your flesh is heat resistant. (rF+)
                  | [Jiyva's grace]
  3941 | D:6      | Gained mutation: Your flesh is very heat resistant. (rF++)
                  | [Jiyva's grace]
  3941 | D:6      | Gained mutation: Your flesh is almost immune to the effects
                  | of heat. (rF+++) [Jiyva's grace]
  3941 | D:6      | Gained mutation: Your flesh is cold resistant. (rC+)
                  | [Jiyva's grace]
  3941 | D:6      | Noticed Eustachio
  3997 | D:6      | Killed Eustachio
  3998 | D:6      | Reached XP level 8. HP: 32/79 MP: 7/7
  4048 | D:6      | Reached skill level 5 in Fighting
  4177 | D:6      | Found a staircase to the Ecumenical Temple.
  4266 | D:6      | Reached skill level 8 in Maces & Flails
  4397 | D:6      | Found a basalt altar of Yredelemnul.
  4398 | D:6      | Found a hide-covered altar of Uskayaw.
  4564 | D:6      | Found an opulent altar of Gozag.
  4908 | D:7      | Found Vech's Antique Armour Shoppe.
  4909 | D:7      | Found Xoakhligi's Distillery.
  4911 | D:7      | Found Museq's Antique Armour Shoppe.
  4921 | D:7      | Found Jelae's Weapon Shoppe.
  4927 | D:7      | Bought a potion of curing for 36 gold pieces
  4927 | D:7      | Bought a potion of heal wounds for 60 gold pieces
  4987 | D:7      | Reached skill level 9 in Maces & Flails
  5048 | D:7      | Reached XP level 9. HP: 86/88 MP: 8/8
  5190 | D:7      | Lost mutation: Your flesh is cold resistant. (rC+) [Jiyva's
                  | grace]
  5190 | D:7      | Lost mutation: Your flesh is almost immune to the effects
                  | of heat. (rF+++) [Jiyva's grace]
  5190 | D:7      | Gained mutation: Your translucent skin slightly reduces
                  | your foes' accuracy. (Stealth+) [Jiyva's grace]
  5190 | D:7      | Gained mutation: Your translucent skin reduces your foes'
                  | accuracy. (Stealth+) [Jiyva's grace]
  5190 | D:7      | Gained mutation: Your transparent skin significantly
                  | reduces your foes' accuracy. (Stealth+) [Jiyva's grace]
  5190 | D:7      | Gained mutation: You passively dampen the noise of your
                  | surroundings. [Jiyva's grace]
  5266 | D:7      | Found a shadowy altar of Dithmenos.
  5273 | D:7      | Reached ****** piety under Jiyva
  5456 | D:7      | Found a snail-covered altar of Cheibriados.
  5714 | D:8      | Found a sparkling altar of Nemelex Xobeh.
  5794 | D:8      | Found Xuizogh's Distillery.
  5996 | D:8      | Reached skill level 10 in Maces & Flails
  6133 | D:8      | Found a sand-covered staircase.
  6145 | Ossuary  | Entered an ossuary
  6460 | D:8      | Noticed Maggie
  6466 | D:8      | Killed Maggie
  6532 | D:8      | Bought a potion of curing for 36 gold pieces
  6532 | D:8      | Bought a potion of curing for 36 gold pieces
  6532 | D:8      | Bought a potion of enlightenment for 60 gold pieces
  6768 | D:9      | Noticed Pikel
  6777 | D:9      | Killed Pikel
  6778 | D:9      | Reached skill level 1 in Armour
  6788 | D:9      | Found a staircase to the Orcish Mines.
  6807 | D:9      | Reached XP level 10. HP: 48/102 MP: 9/9
  6814 | D:9      | Reached skill level 11 in Maces & Flails
  7092 | D:9      | Identified the +8 quarterstaff of the Forging Gods {freeze,
                  | rN+}
  7302 | D:10     | Entered Level 10 of the Dungeon
  7340 | D:10     | Noticed a two-headed ogre
  7349 | D:10     | Killed a two-headed ogre
  7353 | D:10     | Noticed a two-headed ogre
  7357 | D:10     | Killed a two-headed ogre
  7426 | D:10     | Lost mutation: Your flesh is very heat resistant. (rF++)
                  | [Jiyva's grace]
  7426 | D:10     | Gained mutation: You have sharp toenails. [Jiyva's grace]
  7426 | D:10     | Gained mutation: You have razor-sharp toenails. [Jiyva's
                  | grace]
  7426 | D:10     | Gained mutation: You have claws for feet. [Jiyva's grace]
  7426 | D:10     | Gained mutation: You have an increased reservoir of magic.
                  | (+10% MP) [Jiyva's grace]
  7542 | D:10     | Identified the +0 cloak of the Bells {Fly rF+++ Str-5
                  | Stlth-}
  7702 | D:10     | Reached skill level 12 in Maces & Flails
  8115 | D:11     | Found a staircase to the Lair.
  8145 | Lair:1   | Entered Level 1 of the Lair of Beasts
  8200 | Lair:1   | Reached XP level 11. HP: 105/111 MP: 11/11
  8258 | Lair:1   | Found a dark tunnel.
  8282 | Volcano  | Entered a volcano
  8381 | Volcano  | Noticed a two-headed ogre
  8382 | Volcano  | Noticed a hell knight
  8386 | Volcano  | Killed a two-headed ogre
  8411 | Volcano  | Noticed a two-headed ogre
  8412 | Volcano  | Noticed a two-headed ogre
  8416 | Volcano  | Killed a two-headed ogre
  8442 | Volcano  | Found a radiant altar of Vehumet.
  8442 | Volcano  | Noticed a two-headed ogre
  8442 | Volcano  | Noticed an ogre mage
  8442 | Volcano  | Noticed a two-headed ogre
  8457 | Volcano  | Killed a two-headed ogre
  8458 | Volcano  | Reached skill level 13 in Maces & Flails
  8458 | Volcano  | Killed a two-headed ogre
  8465 | Volcano  | Reached skill level 5 in Armour
  8466 | Volcano  | Killed an ogre mage
  8480 | Volcano  | Killed a two-headed ogre
  8506 | Volcano  | Killed a hell knight
  8751 | Lair:1   | Reached XP level 12. HP: 123/123 MP: 12/12
  8878 | Lair:3   | Noticed a four-headed hydra
  8887 | Lair:2   | Reached skill level 14 in Maces & Flails
  8924 | Lair:3   | Identified the +6 flail of Erurr {drain, rF+ Int+4}
  8955 | Lair:3   | Noticed Rupert
  8972 | Lair:3   | Killed Rupert
  9446 | Lair:3   | Killed a four-headed hydra
  9887 | Lair:4   | Lost mutation: You are very agile. (Dex +8, Str/Int -2)
                  | [Jiyva's grace]
  9887 | Lair:4   | Lost mutation: Your transparent skin significantly reduces
                  | your foes' accuracy. (Stealth+) [Jiyva's grace]
  9887 | Lair:4   | Lost mutation: Your translucent skin reduces your foes'
                  | accuracy. (Stealth+) [Jiyva's grace]
  9887 | Lair:4   | Gained mutation: You have a small jelly attached to you
                  | that senses nearby items. [Jiyva's grace]
  9887 | Lair:4   | Gained mutation: You possess an exceptional clarity of
                  | mind. [Jiyva's grace]
  9887 | Lair:4   | Gained mutation: Your system is resistant to poisons.
                  | (rPois) [Jiyva's grace]
  9887 | Lair:4   | Gained mutation: You have a pair of small horns on your
                  | head. [Jiyva's grace]
  9921 | Lair:4   | Found a viscous altar of Jiyva.
  9922 | Lair:4   | Found a staircase to the Slime Pits.
  9931 | Slime:1  | Entered Level 1 of the Pits of Slime
  9963 | Slime:1  | Noticed a rockslime
  9970 | Slime:2  | Noticed an azure jelly
  9970 | Slime:2  | Noticed an acid blob
  9970 | Slime:2  | Noticed an azure jelly
  9975 | Slime:3  | Noticed an acid blob
  9975 | Slime:3  | Noticed a quicksilver ooze
  9984 | Slime:3  | Noticed an azure jelly
  9989 | Slime:4  | Noticed an acid blob
  9994 | Slime:4  | Noticed an acid blob
 10001 | Slime:5  | Entered Level 5 of the Pits of Slime
 10001 | Slime:5  | Noticed a rockslime
 10007 | Slime:5  | Noticed an acid blob
 10024 | Slime:5  | Noticed an acid blob
 10027 | Slime:5  | Noticed an acid blob
 10030 | Slime:5  | Noticed an acid blob
 10036 | Slime:5  | Noticed a rockslime
 10069 | Slime:5  | Noticed a rockslime
 10115 | Slime:5  | Noticed a great orb of eyes
 10123 | Slime:5  | Found a viscous altar of Jiyva.
 10124 | Slime:5  | Noticed an acid blob
 10125 | Slime:5  | Noticed the Royal Jelly
 10126 | Slime:5  | Noticed an acid blob
 10129 | Slime:5  | Noticed a great orb of eyes
 10129 | Slime:5  | Noticed a rockslime
 10131 | Slime:5  | Noticed an acid blob
 10132 | Slime:5  | Found the +5 Lochaber axe {reach-cleave, Poleaxe ^Drain}
 10133 | Slime:5  | Found the +9 sword of Power {lifebolt}
 10137 | Slime:5  | Identified the ring "Isiwk" {rC+ Slay+4}
 10140 | Slime:5  | Got the Octavo of Beguiling and Ozone
 10144 | Slime:5  | Identified the staff "Fush" {rElec Stlth+ Air}
 10147 | Slime:5  | Identified the ring of the Irksome God {Fly rElec rN+
                  | Slay+2}
 10155 | Slime:5  | Got a slimy rune of Zot
 10158 | Slime:5  | Got a starry gem with 777 turns to spare
 10159 | Slime:5  | Identified the ring of Knowledge {*Slow rElec MP+9 AC+4}
 10163 | Slime:5  | Identified the staff "Bamm" {rPois rF++ Int-3 Tloc Earth
                  | Alchemy}
 10185 | Slime:5  | Identified the +0 orcbow of Inconvenience {elec, +Blink
                  | Str+3 Int+5}
 10236 | Slime:4  | Noticed a rockslime
 10399 | Slime:4  | Noticed a rockslime
 10441 | Slime:3  | Noticed a quicksilver ooze
 10441 | Slime:3  | Noticed an azure jelly
 10441 | Slime:3  | Noticed a formless jellyfish
 10443 | Slime:3  | Noticed an acid blob
 10449 | Slime:2  | Noticed an acid blob
 10449 | Slime:2  | Noticed an acid blob
 10449 | Slime:2  | Noticed an azure jelly
 10449 | Slime:2  | Noticed a rockslime
 10490 | Lair:4   | Noticed a boulder beetle
 10507 | Lair:4   | Killed a boulder beetle
 10530 | Lair:4   | Noticed an eight-headed hydra
 10538 | Lair:4   | Killed an eight-headed hydra
 10539 | Lair:4   | Reached skill level 10 in Fighting
 10745 | Lair:5   | Entered Level 5 of the Lair of Beasts
 10769 | Lair:5   | Reached skill level 15 in Maces & Flails
 10787 | Lair:5   | Noticed a five-headed hydra
 10829 | Lair:5   | Killed a five-headed hydra
 10945 | Lair:5   | Reached XP level 13. HP: 133/133 MP: 13/13
 11300 | Lair:5   | Reached skill level 16 in Maces & Flails
 11357 | Lair:5   | Got an earthy gem with 1383 turns to spare
 11661 | Lair:5   | Reached XP level 14. HP: 115/146 MP: 14/14
 12146 | Lair:4   | Lost mutation: You have claws for feet. [Jiyva's grace]
 12146 | Lair:4   | Gained mutation: You have acidic saliva. [Jiyva's grace]
 12146 | Lair:4   | Gained mutation: Your translucent skin reduces your foes'
                  | accuracy. (Stealth+) [Jiyva's grace]
 12146 | Lair:4   | Gained mutation: Your transparent skin significantly
                  | reduces your foes' accuracy. (Stealth+) [Jiyva's grace]
 12146 | Lair:4   | Gained mutation: Your mind is acute. (Int +4, Str/Dex -1)
                  | [Jiyva's grace]
 12771 | Lair:4   | Lost the earthy gem through the power of Zot.
 12801 | Lair:2   | Reached skill level 17 in Maces & Flails
 12844 | Lair:2   | Found a hole to the Spider Nest.
 13065 | Lair:2   | Noticed Amaemon
 13071 | Lair:2   | Killed Amaemon
 13160 | Lair:2   | Found a staircase to the Swamp.
 13667 | Lair:1   | Noticed Grum
 13677 | Lair:1   | Killed Grum
 13877 | Lair:1   | Lost mutation: Your mind is acute. (Int +4, Str/Dex -1)
                  | [Jiyva's grace]
 13877 | Lair:1   | Lost mutation: Your spells are a little harder to cast, but
                  | a little more powerful. [Jiyva's grace]
 13877 | Lair:1   | Lost mutation: Your transparent skin significantly reduces
                  | your foes' accuracy. (Stealth+) [Jiyva's grace]
 13877 | Lair:1   | Lost mutation: You passively dampen the noise of your
                  | surroundings. [Jiyva's grace]
 13877 | Lair:1   | Gained mutation: You have claws for feet. [Jiyva's grace]
 13877 | Lair:1   | Gained mutation: Your mind is acute. (Int +4, Str/Dex -1)
                  | [Jiyva's grace]
 13877 | Lair:1   | Gained mutation: Your mind is very acute. (Int +8, Str/Dex
                  | -2) [Jiyva's grace]
 13877 | Lair:1   | Gained mutation: You have a considerably increased
                  | reservoir of magic. (+20% MP) [Jiyva's grace]
 14207 | Orc:1    | Entered Level 1 of the Orcish Mines
 14230 | Orc:1    | Noticed an orc warlord
 14252 | D:9      | Killed an orc warlord
 14634 | Orc:2    | Entered Level 2 of the Orcish Mines
 14634 | Orc:2    | Found a gate leading to a gauntlet.
 14671 | Gauntlet | Entered a Gauntlet
 14671 | Gauntlet | Found a transporter.
 14671 | Gauntlet | Found a transporter.
 14688 | Gauntlet | Found a transporter.
 14689 | Gauntlet | Found a runed translucent door.
 14690 | Gauntlet | Found a runed translucent door.
 14701 | Gauntlet | Found a transporter.
 14719 | Gauntlet | Found a transporter.
 14719 | Gauntlet | Found a transporter.
 14719 | Gauntlet | Found a transporter.
 14722 | Gauntlet | Found a transporter.
 14722 | Gauntlet | Found a transporter.
 14734 | Gauntlet | Found a transporter.
 14755 | Gauntlet | Found a transporter.
 14762 | Gauntlet | Found a transporter.
 14763 | Gauntlet | Found the brooch of Shielding {Spirit SH+8}
 14777 | Gauntlet | Found a transporter.
 14797 | Gauntlet | Found a transporter.
 14931 | Gauntlet | Identified the +7 flail of Ignis's Grace {drain, rElec rF-
                  | rCorr Dex+5}
 14931 | Gauntlet | Identified the ring "Baeceas" {rN+ Will+ rCorr Str+2 Dex+3}
 15154 | Orc:2    | Found Vaojig's Antique Armour Shop.
 15156 | Orc:2    | Found Plog's Jewellery Shoppe.
 15158 | Orc:2    | Found Jaimiwasch's General Store.
 15179 | Orc:2    | Reached skill level 18 in Maces & Flails
 15287 | Orc:2    | Reached skill level 10 in Armour
 15511 | Orc:2    | Found Faikhyot's Distillery.
 15519 | Orc:2    | Bought a potion of heal wounds for 60 gold pieces
 15519 | Orc:2    | Bought a potion of curing for 36 gold pieces
 15519 | Orc:2    | Bought a potion of heal wounds for 60 gold pieces
 15519 | Orc:2    | Bought a potion of heal wounds for 60 gold pieces
 15519 | Orc:2    | Bought a potion of cancellation for 96 gold pieces
 15519 | Orc:2    | Bought a potion of cancellation for 96 gold pieces
 15519 | Orc:2    | Bought a potion of might for 48 gold pieces
 15709 | Orc:2    | Found a staircase to the Elven Halls.
 15812 | Orc:1    | Reached XP level 15. HP: 157/157 MP: 17/17
 16192 | D:11     | Noticed Fannar
 16198 | D:11     | Killed Fannar
 16299 | D:11     | Lost mutation: You have a pair of small horns on your head.
                  | [Jiyva's grace]
 16299 | D:11     | Lost mutation: You have claws for feet. [Jiyva's grace]
 16299 | D:11     | Lost mutation: You are agile. (Dex +4, Str/Int -1) [Jiyva's
                  | grace]
 16299 | D:11     | Lost mutation: You have a considerably increased reservoir
                  | of magic. (+20% MP) [Jiyva's grace]
 16299 | D:11     | Lost mutation: You have an increased reservoir of magic.
                  | (+10% MP) [Jiyva's grace]
 16299 | D:11     | Lost mutation: You have acidic saliva. [Jiyva's grace]
 16299 | D:11     | Lost mutation: Your translucent skin reduces your foes'
                  | accuracy. (Stealth+) [Jiyva's grace]
 16299 | D:11     | Gained mutation: Armour fits poorly on your pseudopods.
                  | [Jiyva's grace]
 16299 | D:11     | Gained mutation: Armour fits poorly on your large
                  | pseudopods. [Jiyva's grace]
 16299 | D:11     | Gained mutation: Armour fits poorly on your massive
                  | pseudopods. [Jiyva's grace]
 16299 | D:11     | Gained mutation: Your muscles are strong. (Str +4, Int/Dex
                  | -1) [Jiyva's grace]
 16569 | D:12     | You are sucked into a shaft and drop 2 floors!
 17024 | D:14     | Found a gate to the Vaults.
 17167 | D:14     | Identified the +6 flail of Oggom {flame, Fly rF- Int+6}
 17405 | D:15     | Entered Level 15 of the Dungeon
 17536 | D:15     | Found a broken altar of Ashenzari.
 17691 | D:15     | Noticed Agnes
 17700 | D:15     | Killed Agnes
 17861 | D:15     | Lost mutation: Your mind is very acute. (Int +8, Str/Dex
                  | -2) [Jiyva's grace]
 17861 | D:15     | Lost mutation: Armour fits poorly on your massive
                  | pseudopods. [Jiyva's grace]
 17861 | D:15     | Lost mutation: Armour fits poorly on your large pseudopods.
                  | [Jiyva's grace]
 17861 | D:15     | Gained mutation: You are agile. (Dex +4, Str/Int -1)
                  | [Jiyva's grace]
 17861 | D:15     | Gained mutation: You are very agile. (Dex +8, Str/Int -2)
                  | [Jiyva's grace]
 17861 | D:15     | Gained mutation: You have claws for feet. [Jiyva's grace]
 17861 | D:15     | Gained mutation: Your melee attacks may engulf your foes in
                  | ooze. [Jiyva's grace]
 17885 | D:15     | Found a staircase to the Depths.
 17885 | D:15     | Noticed a frost giant
 17888 | D:15     | Killed a frost giant
 18159 | D:13     | Noticed Frances
 18169 | D:13     | Killed Frances
 18236 | D:13     | Found Resyos's Antique Armour Shoppe.
 18541 | D:13     | Found an ornate altar of the Wu Jian Council.
 18781 | D:12     | Reached skill level 19 in Maces & Flails
 18790 | D:12     | Found a runed translucent door.
 18790 | D:12     | Noticed a frost giant
 18882 | D:12     | Lost mutation: Your mind is acute. (Int +4, Str/Dex -1)
                  | [Jiyva's grace]
 18882 | D:12     | Lost mutation: Your flesh is heat resistant. (rF+) [Jiyva's
                  | grace]
 18882 | D:12     | Lost mutation: Your system is resistant to poisons. (rPois)
                  | [Jiyva's grace]
 18882 | D:12     | Lost mutation: You have a small jelly attached to you that
                  | senses nearby items. [Jiyva's grace]
 18882 | D:12     | Gained mutation: You have very sharp teeth. [Jiyva's grace]
 18882 | D:12     | Gained mutation: You have extremely sharp teeth. [Jiyva's
                  | grace]
 18882 | D:12     | Gained mutation: You have razor-sharp teeth. [Jiyva's
                  | grace]
 18882 | D:12     | Gained mutation: You heal very quickly. [Jiyva's grace]
 19201 | D:12     | Noticed a storm dragon
 19201 | D:12     | Noticed a tengu reaver
 19276 | D:12     | Killed a frost giant
 19279 | D:12     | Killed a storm dragon
 19288 | D:12     | Killed a tengu reaver
 19510 | Spider:1 | Entered Level 1 of the Spider Nest
 19665 | Spider:1 | Noticed an emperor scorpion
 19674 | Spider:1 | Killed an emperor scorpion
 19972 | Spider:1 | Reached XP level 16. HP: 110/169 MP: 11/15
 20390 | Spider:2 | HP: 7/169 [wolf spider (3)]
 20391 | Spider:1 | HP: 2/169 [poisoned by a wolf spider]
 20392 | Spider:1 | Slain by a wolf spider

Illustrated notes

Levels and vault maps discovered:
D:1:      minmay_arrival_four_circles, layout_loops_ring,
          basic_ecumenical_altar, minmay_hexomino_u4
D:2:      layout_loops_ring, minmay_misc_feat_nine_boxes, uniq_terence,
          uniq_robin
D:3:      layout_loops_ring, nicolae_overflow_crystal_walls,
          gammafunk_temple_overflow_forgotten
D:4:      layout_basic, minmay_checkerbox
D:5:      layout_loops_cross, nzn_overflow_gifts_of_might_and_magic,
          serial_shops, shop, shop, nicolae_stop_n_shop_1
D:6:      layout_basic, minitemple, grunt_gozag_breadcrumbs,
          minmay_temple_entry_drinking_statues, nicolae_tricolors,
          uniq_eustachio
D:7:      cheibrodos_helix_gallery, layout_basic,
          nicolae_dithmenos_shadow_blocks, kennysheep_little_box,
          minmay_shop_grid_forest
D:8:      layout_loops_cross, nemelex_xobeh_ov_fountains_minmay,
          gup_ossuary_entry_pyramid, serial_shops, nicolae_shop_peninsula,
          nicolae_nh_ransacked_shop, uniq_maggie
D:9:      layout_rooms, david_orc_5, uniq_pikel
D:10:     layout_basic
D:11:     wander_river, layout_loops_ring, due_lair_maze_entry_diamond,
          uniq_fannar
D:12:     layout_big_octagon, kennysheep_flooded_box, minmay_hidden_floor
D:13:     minmay_connected_triangles_in_corner, layout_irregular_city,
          serial_shops, shop, nzn_wu_jian_contemplation, uniq_frances, uniq_urug
D:14:     layout_basic, david_vaults_2, kennysheep_minor_cross
D:15:     grunt_enter_depths_snipers, layout_basic, nicolae_ashenzari_skybound,
          uniq_agnes
Lair:1:   layout_roguey, enter_volcano_3, infiniplex_staircase_pool,
          grunt_megastairs_2, uniq_grum
Lair:2:   layout_regular_city, nicolae_swamp_entry_splash_gauntlet,
          nicolae_spider_entry_lesser_pyramids, beast_lair_carwin_7,
          uniq_amaemon
Lair:3:   layout_cave_pods, beast_lair_carwin_2, infiniplex_staircase_pool_2,
          grunt_megastairs_3, lemuel_fruit_tree, serial_bayou_shore_b,
          uniq_rupert
Lair:4:   layout_long_grid, dpeg_slime_entry_corner
Lair:5:   minmay_lair_end_enchanted_forest, layout_loops_ring,
          hangedman_lair_generics_rect
Spider:1: layout_spider_delve
Spider:2: layout_spider_delve
Slime:1:  layout_caves
Slime:2:  layout_caves
Slime:3:  layout_caves
Slime:4:  layout_caves
Slime:5:  slime_pit_nicolae_royal_road_to_ruin
Orc:1:    layout_caves, mines5_lemuel
Orc:2:    st_orc_rangers, layout_caves, gauntlet_entry_generic, serial_shops,
          nicolae_shop_waterfront

Skill      XL: |  1  2  3  4  5  6  7  8  9 10 11 12 13 14 15 |
---------------+----------------------------------------------+-----
Maces & Flails | 3 4 5 6 7 9 10 12 13 15 16 18 19 | 19.5
Fighting       | 2 3 4 5 7 8 9 10 11 12 13 | 13.1
Armour         | 1 4 5 7 8 10 11 | 11.2
Throwing       | |  1.7
Dodging        | |  2.4

Action                     |  1- 3 |  4- 6 |  7- 9 | 10-12 | 13-15 | 16-18 || total
---------------------------+-------+-------+-------+-------+-------+-------++-------
  Melee: Flail             |   131 |   206 |   138 |       |       |       ||   475
         Punch             |     2 |     3 |     3 |       |       |       ||     8
         Kick              |       |       |    11 |   123 |   305 |     8 ||   447
         Giant club        |       |       |   194 |   408 |   973 |    19 ||  1594
         Headbutt          |       |       |       |    12 |   140 |       ||   152
         Bite              |       |       |       |       |    60 |     3 ||    63
         Pseudopods        |       |       |       |       |    61 |     6 ||    67
  Throw: Large rock        |       |       |     1 |       |     6 |       ||     7
         Boomerang         |       |       |       |     7 |    29 |       ||    36
 Invoke: Oozemancy         |       |       |       |     1 |       |       ||     1
  Evoke: Wand              |       |       |       |     4 |       |       ||     4
    Use: Scroll            |     3 |     2 |    10 |     5 |     3 |     1 ||    24
         Potion            |       |       |       |       |       |     2 ||     2
   Stab: Sleeping          |     1 |     2 |     8 |       |       |       ||    11
         Distracted        |       |       |     1 |     1 |       |       ||     2
         Invisible         |       |       |       |     2 |       |       ||     2
 Armour: Robe              |   100 |   155 |   241 |       |       |       ||   496
         Swamp dragon scal |       |       |    16 |   340 |  1056 |    67 ||  1479
  Dodge: Dodged            |    78 |   107 |   238 |   276 |   489 |    23 ||  1211
  Block: Other             |       |       |       |       |   201 |    11 ||   212

Table legend: (Time is in decaauts)
 A = Elapsed time spent in this place.
 B = Non-inter-level travel time spent in this place.
 C = Inter-level travel time spent in this place.
 D = Time resting spent in this place.
 E = Time spent auto-exploring this place.
 F = Levels seen in this place.
 G = Mean time per level.
                   A        B        C        D        E       F      G
               +--------+--------+--------+--------+--------+-----+--------+
         Total |  20224 |  19182 |   1042 |    211 |  13481 |  32 |  632.0 |
       Dungeon |  11680 |  11133 |    547 |    137 |   8275 |  15 |  778.7 |
          Lair |   5092 |   4829 |    263 |     37 |   3354 |   5 | 1018.4 |
   Spider Nest |    859 |    809 |     50 |      3 |    582 |   2 |  429.5 |
    Slime Pits |    546 |    435 |    111 |      0 |    328 |   5 |  109.2 |
  Orcish Mines |   1273 |   1204 |     69 |     12 |    757 |   2 |  636.5 |
       Ossuary |    228 |    228 |      0 |      0 |     28 |   1 |  228.0 |
       Volcano |    241 |    241 |      0 |      7 |     19 |   1 |  241.0 |
      Gauntlet |    303 |    303 |      0 |     15 |    138 |   1 |  303.0 |
               +--------+--------+--------+--------+--------+-----+--------+

Top non-repeatable levels by time:
  Lair:5: 1307 daAuts
  Lair:3: 1004 daAuts
  Lair:4: 972 daAuts
     D:6: 959 daAuts
     D:3: 944 daAuts
  Lair:1: 923 daAuts
  Lair:2: 884 daAuts
    D:10: 864 daAuts
     D:7: 848 daAuts
Spider:1: 846 daAuts
    D:14: 844 daAuts
     D:4: 830 daAuts
     D:2: 799 daAuts
     D:8: 798 daAuts
   Orc:2: 753 daAuts
